 Dungeon Crawl Stone Soup version 0.29.1-14-g9c671dbff4 (webtiles) character file.

Game seed: 7500969719492040800

156 protoss039 the Digger (level 5, -3/38 HPs)
             Began as a Demonspawn Earth Elementalist on Feb 18, 2023.
             Slain by an ogre
             ... wielding a +0 giant spiked club
              (24 damage)
             ... on level 3 of the Dungeon.
             The game lasted 00:03:17 (2482 turns).

protoss039 the Digger (DsEE)                        Turns: 2482, Time: 00:03:17

Health: -3/38      AC:  3    Str: 14    XL:     5   Next: 15%
Magic:  7/9        EV: 11    Int: 20    God:
Gold:   91         SH:  4    Dex: 17    Spells: 7/10 levels left

rFire   . . .      SeeInvis .   m - +5 whip "Honethrio" {vamp, *Rage rN+ Str+6 Dex+3}
rCold   . . .      Faith    .   a - +0 buckler
rNeg    + . .      Spirit   .   l - +0 leather armour of Ytodonol {Regen+ Int+2}
rPois   .          Reflect  .   (no helmet)
rElec   .          Harm     .   (no cloak)
rCorr   .          Rampage  .   (no gloves)
Will    .....      Rage     20% (no boots)
Stlth   ++........              (no amulet)
HPRegen 0.92/turn               (no ring)
MPRegen 0.11/turn               (no ring)

@: no status effects
A: claws 1, foul stench 1
a: no special abilities


You were on level 3 of the Dungeon.
You visited 1 branch of the dungeon, and saw 3 of its levels.

You collected 91 gold pieces.

Inventory:

Hand Weapons
 d - a +2 dagger of venom
 m - the +5 whip "Honethrio" (weapon) {vamp, *Rage rN+ Str+6 Dex+3}
   (You found it on level 2 of the Dungeon)

   It occasionally heals its wielder for a portion of the damage dealt when it
   wounds a living foe.
   Str:       It affects your strength (+6).
   Dex:       It affects your dexterity (+3).
   rN:        It protects you from negative energy.
   *Rage:     It berserks you when you make melee attacks (+20% chance).
Armour
 a - a +0 buckler (worn)
 l - the +0 leather armour of Ytodonol (worn) {Regen+ Int+2}
   (You found it on level 2 of the Dungeon)

   Int:       It affects your intelligence (+2).
   Regen:     It increases your rate of health regeneration.
Wands
 g - a wand of light (11)
Scrolls
 c - 3 scrolls of immolation
 e - a scroll of amnesia {unknown}
 h - a scroll of vulnerability {unknown}
 j - a scroll of identify {unknown}
Potions
 b - a potion of magic
 f - 2 potions of cancellation {unknown}
 i - a potion of mutation {unknown}
 k - a potion of heal wounds {unknown}
 n - a potion of curing


   Skills:
 + Level 2.2 Fighting
 + Level 1.3 Armour
 - Level 1.7 Dodging
 - Level 1.7 Stealth
 + Level 1.1 Shields
 + Level 3.0 Spellcasting
 - Level 0.8 Transmutations
 + Level 3.5 Earth Magic


You had 7 spell levels left.
You knew the following spells:

 Your Spells              Type           Power      Damage    Failure   Level
a - Sandblast             Erth           34%        2d9       5%          1
b - Passwall              Tmut/Erth      9%         N/A       14%         2

Your spell library contained the following spells:

 Spells                   Type           Power      Damage    Failure   Level
 Apportation              Tloc           6%         N/A       24%         1
 Magic Dart               Conj           12%        1d3       24%         1
 Shock                    Conj/Air       12%        1d3       24%         1
 Summon Small Mammal      Summ           12%        N/A       24%         1
 Searing Ray              Conj           6%         2d4       34%         2
 Stone Arrow              Conj/Erth      20%        3d8       34%         3
 Petrify                  Tmut/Erth      11%        N/A       67%         4
 Fulminant Prism          Conj/Hex       1%         3d6       93%         4


Dungeon Overview and Level Annotations

Branches:
Dungeon (3/15) Zot: 15472

Altars:


Innate Abilities, Weirdness & Mutations

You have sharp fingernails.
You may rarely emit foul miasma when damaged in melee.


Message History

Press: ? - help, Shift-Dir - straight line, f - ogre
Aim: an ogre, wielding a +0 giant spiked club (91% to hit)
Okay, then.
Casting: Sandblast (safe; 5% risk of failure)
Confirm with . or Enter, or press ? or * to list all spells.
Aiming: Sandblast (safe; 5% risk of failure)
Press: ? - help, Shift-Dir - straight line, f - ogre
Aim: an ogre, wielding a +0 giant spiked club (91% to hit)
The blast of sand hits the ogre!
The ogre is heavily wounded.
Unknown command.
Casting: Sandblast (safe; 5% risk of failure)
Confirm with . or Enter, or press ? or * to list all spells.
Aiming: Sandblast (safe; 5% risk of failure)
Press: ? - help, Shift-Dir - straight line, f/p - ogre
Aim: an ogre, wielding a +0 giant spiked club (heavily wounded, 91% to hit)
The blast of sand misses the ogre.
Unknown command.
Casting: Sandblast (safe; 5% risk of failure)
Confirm with . or Enter, or press ? or * to list all spells.
Aiming: Sandblast (safe; 5% risk of failure)
Press: ? - help, Shift-Dir - straight line, f/p - ogre
Aim: an ogre, wielding a +0 giant spiked club (heavily wounded, 91% to hit)
The blast of sand hits the ogre.
The ogre is severely wounded.
The ogre hits you with a +0 giant spiked club!!
Ouch! That really hurt!
You barely miss the ogre.
The ogre is severely wounded.
The ogre barely misses you.
Unknown command.
You hit the ogre.
The ogre is severely wounded.
You recover from your berserk rage.
The ogre barely misses you.
You barely miss the ogre.
The ogre is severely wounded.
The ogre hits you with a +0 giant spiked club!!
Ouch! That really hurt!
You die...

####### #.....#
###########.....#
#.@......†.....>#
#O#########.....# #.#
#.....# #.# ###.#####
#.# #....... ...
#..##### ..... #..#
.......#######..#####
......................


You could see an ogre.

Vanquished Creatures
  2 orc wizards (D:3)
  4 gnolls (D:2)
  2 adders
  A dart slug (D:2)
  3 orcs (D:3)
  4 endoplasms
  2 giant cockroaches
  6 goblins
  3 hobgoblins
  4 jackals (D:3)
  2 quokkas (D:1)
  3 ball pythons
  A bat (D:3)
  4 frilled lizards
  3 kobolds
  4 rats
48 creatures vanquished.

Notes
Turn   | Place    | Note
-------+----------+-------------------------------------------
     0 | D:1      | protoss039 the Demonspawn Earth Elementalist began the
                  | quest for the Orb.
     0 | D:1      | Reached XP level 1. HP: 13/13 MP: 3/3
   126 | D:1      | Found a faded altar of an unknown god.
   438 | D:1      | Gained mutation: You have sharp fingernails. [demonic
                  | ancestry]
   438 | D:1      | Reached XP level 2. HP: 20/20 MP: 1/5
   490 | D:1      | Reached skill level 1 in Fighting
   523 | D:1      | Got A Tutorial on Magic
  1283 | D:1      | Learned a level 2 spell: Passwall
  1392 | D:2      | Reached XP level 3. HP: 6/26 MP: 6/6
  1780 | D:2      | Identified the +0 leather armour of Ytodonol {Regen+ Int+2}
  1868 | D:2      | Identified the +5 whip "Honethrio" {vamp, *Rage rN+ Str+6
                  | Dex+3}
  1974 | D:2      | Reached XP level 4. HP: 33/33 MP: 1/8
  2273 | D:3      | Reached skill level 1 in Armour
  2273 | D:3      | Reached skill level 1 in Shields
  2276 | D:3      | Gained mutation: You may rarely emit foul miasma when
                  | damaged in melee. [demonic ancestry]
  2276 | D:3      | Reached XP level 5. HP: 35/38 MP: 9/9
  2408 | D:3      | Noticed an ogre
  2482 | D:3      | Slain by an ogre

Illustrated notes

Levels and vault maps discovered:
D:1:      eino_arrival_cavern_e, layout_loops_ring, basic_ecumenical_altar,
          minmay_tromino_v7
D:2:      layout_basic
D:3:      layout_loops_ring, grunt_decor_junction

Skill      XL: |  1  2  3  4 |
---------------+-------------+-----
Fighting       | 1 2 |  2.2
Earth Magic    | 3 |  3.5
Armour         | 1 |  1.3
Shields        | 1 |  1.1
Spellcasting   | 3 |  3.0
Dodging        | |  1.7
Stealth        | |  1.7
Transmutations | |  0.8

Action                   |  1- 3 |  4- 6 || total
-------------------------+-------+-------++-------
Melee: Short sword       |    11 |       ||    11
       Dagger            |    32 |    10 ||    42
       Whip              |       |    32 ||    32
 Cast: Sandblast         |    37 |     3 ||    40
  Use: Scroll            |     1 |       ||     1
       Potion            |     1 |       ||     1
 Stab: Sleeping          |       |     2 ||     2
Armor: Robe              |    13 |       ||    13
       Leather armour    |       |     5 ||     5
Dodge: Dodged            |    48 |    34 ||    82
Block: Buckler           |       |     7 ||     7
